 Seeded DCSS version 0.30.0-18-gc0e69614cb (webtiles) character file.

Game seed: 16623160147991475526 (custom seed)

2330327 Twinkles the Slayer (level 27, 246/246 HPs)
             Began as a Merfolk Gladiator on May 22, 2023.
             Was the Champion of Cheibriados.
             Escaped with the Orb
             ... and 4 runes on May 24, 2023!
             The game lasted 04:48:16 (71096 turns).

Twinkles the Slayer (Merfolk Gladiator)            Turns: 71096, Time: 04:48:16

Health: 246/246    AC: 36    Str: 37    XL:     27
Magic:  25/25      EV: 34    Int: 34    God:    Cheibriados [******]
Gold:   4443       SH: 28    Dex: 38    Spells: 27/44 levels left

rFire   + + .        g - +8 demon trident "Rift" {distort, reach+}
rCold   + + +        w - +0 tower shield
rNeg    . . .        i - +12 storm dragon scales "Put-Me-On" {rElec rPois Regen+ Dex+3}
rPois   +            Q - +0 helmet of Living Creativity {rCorr Dex+4 SInv}
rElec   +            Z - scarf {rC+ rF+}
rCorr   +            f - +0 pair of gloves "Movvac" {rF+ rCorr Stlth+}
SInv    +            r - +2 pair of boots {Stlth+}
Will    +++..        a - amulet "Jokhocs" {Faith Regen+}
Stlth   ++           S - ring of willpower
HPRegen 2.21/turn    n - ring of Woacag {rC+ Int+6 Slay+3}
MPRegen 0.19/turn

%: clarity, faith
@: very slow
A: (nimble swimmer 2), mertail, clarity, clever 1, clumsy 1, cold resistance 1,
low MP 3, poison resistance, evolution 1
0: Orb of Zot
}: 4/15 runes: barnacled, slimy, silver, gossamer
a: Renounce Religion, Bend Time, Temporal Distortion, Slouch, Step From Time


You escaped.
You worshipped Cheibriados.
Cheibriados was exalted by your worship.
You visited 12 branches of the dungeon, and saw 56 of its levels.
You also visited: Ice Cave and Desolation.

You collected 8528 gold pieces.
You spent 4085 gold pieces at shops.

Inventory:

Hand Weapons
 g - the +8 demon trident "Rift" (weapon) {distort, reach+}
   (You found it on level 4 of the Dungeon)
Missiles
 c - 12 silver boomerangs
 o - 15 curare-tipped darts
 u - 30 boomerangs
 z - 9 javelins
 H - 8 throwing nets
 W - 19 silver javelins (quivered)
Armour
 f - the +0 pair of gloves "Movvac" (worn) {rF+ rCorr Stlth+}
   (You acquired it on level 5 of the Vaults)

   rF:        It protects you from fire.
   rCorr:     It protects you from acid and corrosion.
   Stlth:     It makes you more stealthy.
 i - the +12 storm dragon scales "Put-Me-On" (worn) {rElec rPois Regen+ Dex+3}
   (You bought it in a shop on level 2 of the Elven Halls)

   Dex:       It affects your dexterity (+3).
   rElec:     It insulates you from electricity.
   rPois:     It protects you from poison.
   Regen:     It increases your rate of health regeneration.
 k - a +2 cloak
 r - a +2 pair of boots of stealth (worn)
 w - a +0 tower shield (worn)
 Q - the +0 helmet of Living Creativity (worn) {rCorr Dex+4 SInv}
   (You bought it in a shop on level 2 of the Orcish Mines)

   Dex:       It affects your dexterity (+4).
   SInv:      It lets you see invisible.
   rCorr:     It protects you from acid and corrosion.
 Z - a scarf of resistance (worn)
Magical Staves
 x - the staff of earth "Muan" {Str+3 Dex+3}
   (You found it on level 3 of the Elven Halls)

   [staff of earth]

   Base accuracy: +5 Base damage: 5 Base attack delay: 1.2 This weapon's minimum
   attack delay (0.6) is reached at skill level 12.
   Str:       It affects your strength (+3).
   Dex:       It affects your dexterity (+3).
   It falls into the 'Staves' category.
   It is a one-handed weapon.
Jewellery
 a - the amulet "Jokhocs" (around neck) {Faith Regen+}
   (You found it in the Desolation of Salt)

   [amulet of faith]

   It allows you to gain divine favour quickly.
   Regen:     It increases your rate of health regeneration.
 b - the amulet "Wujoup" {Acrobat rPois Will+ Dex-2}
   (You took it off a deep elf archer on level 3 of the Elven Halls)

   [amulet of the acrobat]

   It increases your evasion while moving and waiting.
   Dex:       It affects your dexterity (-2).
   rPois:     It protects you from poison.
   Will:      It increases your willpower.
 l - the ring "Putegue" {rPois rC+ rCorr Int-2}
   (You found it in an ice cave)

   [ring of protection from cold]

   Int:       It affects your intelligence (-2).
   rC:        It protects you from cold.
   rPois:     It protects you from poison.
   rCorr:     It protects you from acid and corrosion.
 n - the ring of Woacag (right hand) {rC+ Int+6 Slay+3}
   (You found it on level 4 of the Shoals)

   [ring of intelligence]

   Int:       It affects your intelligence (+6).
   Slay:      It affects your accuracy & damage with ranged weapons and melee
   (+3).
   rC:        It protects you from cold.
 p - the amulet "Weac" {Reflect Str+3 SH+5}
   (You found it on level 3 of the Elven Halls)

   [amulet of reflection]

   It reflects blocked missile attacks.
   Str:       It affects your strength (+3).
   SH:        It affects your SH (+5).
 s - a ring of flight
 S - a ring of willpower (left hand)
Wands
 d - a wand of digging (24)
 e - a wand of charming (40)
 j - a wand of polymorph (35)
 t - a wand of quicksilver (50)
 y - a wand of mindburst (36)
 V - a wand of roots (54)
Scrolls
 h - 8 scrolls of enchant armour
 q - 6 scrolls of enchant weapon
 v - 9 scrolls of poison
 D - 10 scrolls of blinking
 E - 15 scrolls of fear
 F - 5 scrolls of fog
 K - 7 scrolls of immolation
 O - 4 scrolls of silence
 X - 5 scrolls of magic mapping
 Y - 21 scrolls of teleportation
Potions
 A - 6 potions of attraction
 B - 11 potions of brilliance
 C - 4 potions of cancellation
 G - 8 potions of ambrosia
 I - 8 potions of invisibility
 J - 18 potions of curing
 L - 10 potions of flight
 M - 5 potions of might
 N - 10 potions of heal wounds
 P - 5 potions of lignification
 R - a potion of resistance
 T - 5 potions of berserk rage
 U - 6 potions of mutation
Miscellaneous
 m - a phantom mirror


   Skills:
 - Level 26.4 Fighting
 - Level 14.0 Polearms
 - Level 19.1 Throwing
 - Level 16.5 Armour
 - Level 20.0 Dodging
 - Level 9.1 Stealth
 - Level 19.6 Shields
 + Level 9.2 Spellcasting
 - Level 10.0 Translocations
 - Level 15.9 Transmutations
 - Level 10.6 Earth Magic
 - Level 13.2 Invocations


You had 27 spell levels left.
You knew the following spells:

 Your Spells              Type           Power      Damage    Failure   Level
a - Passwall              Tmut/Erth      68%        N/A       1%          2
b - Statue Form           Tmut/Erth      54%        N/A       7%          6
c - Lee's Rapid Deconstr  Erth           36%        3d18*     3%          5
d - Blink                 Tloc           100%       N/A       1%          2
e - Lesser Beckoning      Tloc           100%       N/A       1%          2

Your spell library contained the following spells:

 Spells                   Type           Power      Damage    Failure   Level
 Beastly Appendage        Tmut           100%       N/A       0%          1
 Apportation              Tloc           100%       N/A       1%          1
 Sandblast                Erth           100%       2d20      1%          1
 Momentum Strike          Conj/Tloc      98%        3d10      1%          2
 Wereblood                Tmut           90%        N/A       1%          2
 Gell's Gravitas          Tloc           71%        N/A       1%          3
 Spider Form              Tmut/Pois      63%        N/A       1%          3
 Teleport Other           Tloc           71%        N/A       1%          3
 Passage of Golubria      Tloc           71%        N/A       1%          4
 Petrify                  Tmut/Erth      82%        N/A       1%          4
 Blade Hands              Tmut           45%        N/A       1%          5
 Stone Arrow              Conj/Erth      100%       3d13      3%          3
 Vhi's Electric Charge    Tloc/Air       98%        N/A       4%          3
 Volatile Blastmotes      Fire/Tloc      98%        2d18      4%          3
 Ice Form                 Ice/Tmut       63%        N/A       4%          4
 Freeze                   Ice            60%        1d7       11%         1
 Kiss of Death            Conj/Necr      60%        2d10      11%         1
 Magic Dart               Conj           60%        1d6       11%         1
 Necrotise                Necr           60%        1d7       11%         1
 Shock                    Conj/Air       60%        1d6       11%         1
 Slow                     Hex            60%        N/A       11%         1
 Summon Small Mammal      Summ           60%        N/A       11%         1
 Alistair's Intoxication  Tmut/Pois      42%        N/A       11%         5
 Irradiate                Conj/Tmut      31%        3d22      11%         5
 Yara's Violent Unravell  Hex/Tmut       31%        3d13      11%         5
 Animate Armour           Summ/Erth      100%       N/A       12%         4
 Leda's Liquefaction      Hex/Erth       25%        N/A       12%         4
 Dragon Form              Tmut           45%        N/A       13%         7
 Iskenderun's Mystic Bla  Conj/Tloc      49%        2d11      14%         4
 Call Imp                 Summ           30%        N/A       16%         2
 Cigotuvi's Dreadful Rot  Necr/Pois/Air  30%        N/A       16%         2
 Poisonous Vapours        Pois/Air       30%        N/A       16%         2
 Scorch                   Fire           30%        2d6       16%         2
 Static Discharge         Conj/Air       30%        2-4/arc   16%         2
 Sublimation of Blood     Necr           15%        N/A       16%         2
 Dispersal                Tloc           35%        N/A       26%         6
 Confusing Touch          Hex            15%        N/A       32%         3
 Dazzling Flash           Conj/Hex       30%        N/A       32%         3
 Frozen Ramparts          Ice            30%        1d5       32%         3
 Hailstorm                Conj/Ice       15%        3d5       32%         3
 Inner Flame              Hex/Fire       15%        N/A       32%         3
 Mephitic Cloud           Conj/Pois/Air  15%        N/A       32%         3
 Ozocubu's Armour         Ice            15%        N/A       32%         3
 Swiftness                Air            15%        N/A       32%         3
 Tukima's Dance           Hex            15%        N/A       32%         3
 Vampiric Draining        Necr           15%        2d7       32%         3
 Borgnjor's Vile Clutch   Necr/Erth      25%        N/A       32%         5
 Summon Forest            Summ/Tloc      24%        N/A       36%         5
 Eringya's Noxious Bog    Tmut/Pois      31%        N/A       52%         6
 Airstrike                Air            7%         2d(2-18)  71%         4
 Anguish                  Hex/Necr       7%         N/A       71%         4
 Animate Dead             Necr           15%        N/A       71%         4
 Cause Fear               Hex            7%         N/A       71%         4
 Dispel Undead            Necr           15%        3d10      71%         4
 Flame Wave               Conj/Fire      15%        2d7       71%         4
 Fulminant Prism          Conj/Hex       7%         3d7       71%         4
 Olgreb's Toxic Radiance  Pois           15%        N/A       71%         4
 Sticky Flame             Conj/Fire      15%        2d4       71%         4
 Summon Ice Beast         Ice/Summ       15%        N/A       71%         4
 Summon Lightning Spire   Summ/Air       15%        N/A       71%         4
 Iron Shot                Conj/Erth      25%        9d5       88%         6
 Agony                    Necr           15%        N/A       96%         5
 Arcjolt                  Conj/Air       7%         1d17      96%         5
 Fireball                 Conj/Fire      7%         3d5       96%         5
 Freezing Cloud           Conj/Ice/Air   7%         6-21      96%         5
 Iskenderun's Battlesphe  Conj           15%        2d7       96%         5
 Metabolic Englaciation   Hex/Ice        7%         N/A       96%         5
 Silence                  Hex/Air        7%         N/A       96%         5
 Summon Mana Viper        Hex/Summ       15%        N/A       96%         5
 Storm Form               Tmut/Air       31%        N/A       98%         7
 Conjure Ball Lightning   Conj/Air       7%         3x3d6     100%        6
 Death Channel            Necr           7%         N/A       100%        6
 Plasma Beam              Fire/Air       7%         2x1d20    100%        6
 Summon Cactus Giant      Summ           7%         N/A       100%        6
 Malign Gateway           Summ/Tloc      24%        N/A       100%        7
 Monstrous Menagerie      Summ           7%         N/A       100%        7
 Orb of Destruction       Conj           7%         9d6       100%        7
 Ozocubu's Refrigeration  Ice            7%         4d9       100%        7
 Spellforged Servitor     Conj/Summ      7%         N/A       100%        7
 Summon Hydra             Summ           7%         N/A       100%        7
 Borgnjor's Revivificati  Necr           7%         N/A       100%        8
 Discord                  Hex            7%         N/A       100%        8
 Ignition                 Fire           7%         3d5       100%        8
 Lehudib's Crystal Spear  Conj/Erth      25%        10d7      100%        8
 Maxwell's Capacitive Co  Air            7%         ∞         100%        8
 Necromutation            Tmut/Necr      31%        N/A       100%        8
 Summon Horrible Things   Summ           7%         N/A       100%        8
 Death's Door             Necr           7%         N/A       100%        9
 Dragon's Call            Summ           7%         N/A       100%        9
 Polar Vortex             Ice            7%         N/A       100%        9


Dungeon Overview and Level Annotations

Branches:
Dungeon (15/15)            Temple (1/1) D:4            Lair (5/5) D:11
 Shoals (4/4) Lair:3       Spider (4/4) Lair:2        Slime (5/5) Lair:4
    Orc (2/2) D:10            Elf (3/3) Orc:2        Vaults (5/5) D:13
  Crypt (3/3) Vaults:2       Tomb (0/3) Crypt:3      Depths (4/4) D:15
    Zot (5/5) Depths:4      IceCv (visited)         Desolation (visited)

Altars:
Ashenzari
Cheibriados
Dithmenos
Elyvilon
Fedhas
Gozag
Hepliaklqana
Kikubaaqudgha
Makhleb
Nemelex Xobeh
Okawaru
Qazlal
Ru
Sif Muna
Trog
Uskayaw
Vehumet
Wu Jian
Xom
Yredelemnul
Zin
The Shining One
Jiyva

Shops:
D:8 (   Orc:2 [[=[   Elf:1 ?   Elf:2 **[[:   Shoals:1 (   Vaults:5 ==?
Depths:1 [   Depths:2 ?   Depths:3 (

Portals:
Hell: Lair:5 Depths:1 Depths:2 Depths:3 Depths:4
Abyss: Depths:1 Depths:2 Depths:3
Pandemonium: Depths:1 Depths:2*
Ziggurat: Depths:4

Annotations:
D:3 Natasha
D:9 2 transporters
Shoals:1 Roxanne
Spider:3 1 exclusion
Elf:3 1 runed translucent door, Xihoome's ghost, veteran MiGl
Depths:2 1 runed translucent door
Zot:2 4 transporters, Sofait's ghost, legendary GnFE
Abyss:1 Gastronok; Jorgrun; Saint Roka


Innate Abilities, Weirdness & Mutations

((You are very nimble when in or above water. (Stealth+, EV+, Speed+++)))
Your lower body shifts to a powerful aquatic tail in water.
You possess an exceptional clarity of mind.
Your mind is acute. (Int +4, Str/Dex -1)
You are clumsy. (Dex -2)
Your flesh is cold resistant. (rC+)
Your magical capacity is extremely low. (-30% MP)
Your system is resistant to poisons. (rPois)
You have hidden genetic potential.


Message History

(V) Vaults (C) Crypt (W) Tomb (U) Depths (H) Hell (Z) Zot
Where to? (Enter - D:1 @ (x,y), ? - help)
What level of the Dungeon? (default 1, ? - help)
The orc shouts!
The orc wizard shouts!
You impale the orc!!
You kill the orc!
Cheibriados thoroughly appreciates the change of pace.
Things that are here:
a +0 morningstar; 8 gold pieces; an orc corpse You closely miss the orc wizard.
You impale the orc wizard!!
You kill the orc wizard!
Cheibriados appreciates the change of pace.
No target in view!
No target in view!
(D) Dungeon (T) Temple (L) Lair (A) Shoals (N) Spider Nest (M) Slime Pits (O) Orcish Mines (E) Elven Halls (V) Vaults (C) Crypt (W) Tomb (U) Depths (H) Hell (Z) Zot
Where to? (Enter - D:1 @ (x,y), ? - help)
What level of the Dungeon? (default 1, ? - help)
Things that are here:
a +0 robe; a +0 dagger
There is a stone staircase leading up here.
You climb upwards.
Level annotation: Natasha
There is a stone staircase leading down here.
There is a stone staircase leading up here.
You climb upwards.
There is a stone staircase leading down here.
There is a stone staircase leading up here.
You climb upwards.
There is a stone staircase leading down here.
There is an open door here.
There is a staircase leading out of the dungeon here.
Unknown command.
Unknown command.
You have escaped!

#.........########.##### #^#
#############.....###### #.#
##### ##...#.....#...## ##.#
##...# ##.⌠.#.....#.⌠.## ###...
##.#.#####...#.....#3..#####.....
...#...#######.....#####.....#...
.#####..................#.####..#
...#...[................#.# #...
##.#.###........@.........# ##.#
#...# #................### #.#
##### #................### #.#
#######.....#####..# #.# ######
##...#.....#...##.# #.# .....#
##.⌠.#.....#.⌠.##.# #.#
####.#####...#.....#...##.# #.#
####.##..#####.....#####..# #.#
...........##..........##.# ##.#


You could see a neqoxec.

Vanquished Creatures
  the Royal Jelly (Slime:5)
  A pandemonium lord (Zot:4)
  2 dread liches
  6 orbs of fire
  4 ancient liches
  Mara (Spider:3)
  Josephina (Crypt:2)
  Bai Suzhen (Vaults:4)
  3 Killer Klowns (Zot:5)
  Frederick (Vaults:2)
  2 curse toes
  11 golden dragons
  Jory (Crypt:2)
  2 doom hounds (Zot:2)
  2 Tzitzimimeh (Zot:2)
  2 bone dragons (Depths:4)
  2 electric golems
  21 tentacled monstrosities
  A Hell Sentinel (D:9)
  16 Orb Guardians (Zot:5)
  A walking earthen tome (Depths:2)
  8 liches
  Grunn (Zot:2)
  Asterion (Vaults:4)
  A walking divine tome (Depths:2)
  2 deep elf master archers (Elf:3)
  7 titans
  2 quicksilver dragons (Vaults:5)
  29 acid blobs
  Frances (D:12)
  8 sphinxes
  Agnes (Vaults:4)
  5 death cobs
  2 revenants (Crypt:3)
  8 shadow dragons
  14 storm dragons
  5 tengu reavers
  9 rockslimes
  6 azure jellies
  5 draconian monks
  Ilsuiw (Shoals:2)
  16 vault wardens
  4 fire giants
  8 draconian knights
  6 draconian scorchers
  Louise (Depths:3)
  10 emperor scorpions
  8 frost giants
  5 deep elf sorcerers
  6 deep elf elementalists (Elf:3)
  9 draconian shifters
  A curse skull (Crypt:3)
  3 imperial myrmidons (Desolation)
  5 draconian stormcallers
  5 ghost moths
  A balrug (Depths:3)
  3 iron dragons
  2 juggernaut zombies
  5 quicksilver oozes
  An orc warlord (Vaults:4)
  5 ghouls
  A reaper (Zot:2)
  14 stone giants
  2 spriggan defenders
  A demonspawn corrupter (Depths:4)
  10 vampire knights
  22 very ugly things
  6 draconian annihilators
  4 war gargoyles
  3 ironbound thunderhulks
  6 green draconians
  12 deep elf demonologists
  17 ironbound preservers
  2 halazid warlocks (Desolation)
  10 black draconians
  12 purple draconians
  7 yellow draconians
  6 spark wasps
  3 dire elephants
  9 white draconians
  6 deep elf annihilators
  A dire elephant (shapeshifter) (Elf:3)
  8 red draconians
  2 eidola
  3 green deaths
  15 yaktaur captains
  A blizzard demon (Depths:3)
  13 jiangshi
  5 fire dragons
  11 merfolk impalers
  9 deep elf high priests
  7 deep elf death magi
  8 ettins
  5 merfolk javelineers
  4 entropy weavers
  5 great orbs of eyes
  5 rakshasas
  8 ragged hierophants (Desolation)
  Harold (Orc:1)
  27 vault guards
  6 servants of whispers (Desolation)
  Fannar (Orc:1)
  13 ice dragons
  6 jorogumos
  A catoblepas (D:15)
  3 hydras
  3 merfolk aquamancers
  6 peacekeepers
  A spriggan skeleton (Crypt:2)
  Erica (Orc:1)
  16 ironbound frosthearts
  2 spriggan air magi (Depths:2)
  6 two-headed ogres
  12 centaur warriors
  24 dancing weapons
  A satyr (Shoals:3)
  12 vampire magi
  4 boulder beetles
  6 merfolk avatars
  4 deep troll shamans
  6 deep troll earth magi
  4 tengu warriors
  4 hell hogs (Depths:1)
  3 spriggan berserkers
  3 sun demons
  15 hell knights
  19 deep elf knights
  2 pharaoh ants
  4 skysharks
  3 soul eaters (Depths:3)
  A spark wasp zombie (Depths:1)
  5 sixfirhies
  4 flayed ghosts
  A ghost moth zombie (Crypt:1)
  A bunyip zombie (Crypt:3)
  An orb spider (shapeshifter) (Vaults:1)
  A shadow wraith (Crypt:3)
  7 sea snakes
  8 orb spiders
  41 skeletal warriors
  An orange crystal statue (IceCv)
  A shadow demon (Depths:4)
  2 obsidian statues
  2 iron trolls
  4 steelbarb worms
  A storm dragon skeleton (Crypt:1)
  9 lindwurms
  32 deep trolls
  A shadow dragon zombie (Crypt:3)
  7 wizards
  16 phantasmal warriors
  Pikel (D:6)
  2 spriggan simulacra (Spider:3)
  16 ironbound convokers
  A bog body (Crypt:1)
  14 deep elf archers
  5 glowing orange brains
  19 harpies
  34 deep elf pyromancers
  18 necromancers
  6 orc knights
  29 deep elf zephyrmancers
  16 wolf spiders
  A cyclops (shapeshifter) (Elf:1)
  15 fauns
  52 ugly things
  4 oklob plants (Lair:2)
  6 orc sorcerers
  4 cyclopes
  A shadow dragon skeleton (Crypt:1)
  A shining eye (Slime:2)
  A draconian zombie (Crypt:3)
  13 manticores
  A dire elephant zombie (Crypt:3)
  A black mamba (shapeshifter) (D:13)
  4 centaur zombies
  8 elephants
  22 moths of wrath
  3 black mambas
  9 merfolk sirens
  An alligator snapping turtle zombie (Crypt:3)
  17 vault sentinels
  3 demonic crawlers
  5 guardian serpents (Desolation)
  2 rust devils
  A molten gargoyle (Desolation)
  16 cane toads
  6 water nymphs
  2 smoke demons
  A guardian serpent (shapeshifter) (Vaults:5)
  An eye of devastation (Slime:1)
  5 torpor snails
  4 unseen horrors
  2 gargoyles
  An unseen horror (shapeshifter) (Vaults:5)
  A spriggan zombie (Depths:1)
  2 orange demons
  A titan simulacrum (Depths:1)
  A shock serpent skeleton (Crypt:3)
  9 rime drakes
  An ice devil (Depths:2)
  4 tengu conjurers
  3 efreet
  20 yaktaurs
  A tormentor (Depths:3)
  11 komodo dragons
  4 red devils
  4 guardian mummies (Crypt:3)
  A troll (shapeshifter) (D:13)
  A merfolk (shapeshifter) (Vaults:4)
  10 trolls
  11 polar bears
  35 merfolk
  4 meliai
  2 tarantellas (shapeshifter) (Vaults:5)
  7 hornets
  3 hellwings
  6 wind drakes
  A meliai zombie (Crypt:1)
  15 tarantellas
  43 saltlings (Desolation)
  15 dream sheep
  21 blink frogs
  57 slime creatures
  A deep troll zombie (Vaults:2)
  10 snapping turtles
  A stone giant simulacrum (Crypt:2)
  A radroach zombie (Crypt:1)
  A frost giant simulacrum (Depths:1)
  25 jumping spiders
  2 spriggans (Depths:4)
  An elf skeleton (Vaults:2)
  3 shadows
  6 wraiths
  20 flying skulls
  14 culicivoras
  A dire elephant simulacrum (Spider:3)
  17 water elementals
  A wyvern (Lair:2)
  2 ettin skeletons
  A vampire (D:12)
  3 air elementals
  34 yaks
  3 ynoxinuls
  5 basilisks
  2 fire elementals
  4 golden eyes
  43 redbacks
  A minotaur simulacrum (Spider:3)
  A steam dragon (Lair:2)
  4 vampire mosquitoes (D:12)
  A wind drake skeleton (Crypt:3)
  A two-headed ogre zombie (D:10)
  5 wargs
  4 harpy simulacra
  2 swamp worms (shapeshifter)
  2 acid dragons
  A naga zombie (Crypt:2)
  17 water moccasins
  A faun skeleton (Crypt:1)
  A floating eye (shapeshifter) (Vaults:4)
  A glowing shapeshifter skeleton (Crypt:1)
  2 hell hounds (Lair:5)
  A demonspawn skeleton (Crypt:2)
  An ice beast (D:5)
  A swamp dragon zombie (Crypt:3)
  18 orc warriors
  An alligator simulacrum (Spider:3)
  2 black bears
  8 ogres
  A human zombie (Vaults:2)
  A human skeleton (Vaults:2)
  A lindwurm skeleton (Crypt:3)
  3 centaurs
  29 wolves
  An elephant skeleton (Crypt:2)
  3 phantoms
  3 lemures (D:6)
  A kobold brigand (D:6)
  17 bullfrogs
  4 scorpions
  2 earth elementals
  5 wights (D:7)
  17 killer bees
  2 troll zombies (D:10)
  A yak skeleton (Crypt:3)
  2 electric eels (Lair:3)
  2 howler monkeys
  A jelly (Lair:4)
  4 gnoll boudas
  9 orc priests
  A hound (D:5)
  4 sleepcaps
  Natasha (twice) (D:3)
  5 hell rats
  49 orc wizards
  4 ogre zombies (D:10)
  A hound zombie (Crypt:1)
  Robin (D:3)
  8 gnolls
  7 adders
  2 white imps
  An ufetubus (D:6)
  An iguana skeleton (Crypt:2)
  3 worms (D:2)
  2 dart slugs
  96 orcs
  5 ball pythons
  4 bats
  14 endoplasms
  4 giant cockroaches
  10 goblins
  10 hobgoblins
  6 quokkas
  2 frilled lizards
  A frilled lizard skeleton (Crypt:3)
  2 goblin skeletons (D:10)
  3 goblin zombies (D:10)
  A hobgoblin zombie (D:10)
  19 kobolds
  3 orc skeletons
  18 orc zombies
  10 rats
  A spectral weapon (Vaults:4)
  A tentacle (Shoals:3)
2285 creatures vanquished.

Vanquished Creatures (others)
  An orb of fire (Zot:5)
  A fire giant (Depths:3)
  A ghost moth (Zot:3)
  A white draconian (Depths:4)
  A purple draconian (Zot:1)
  A merfolk aquamancer (Shoals:4)
  A deep elf knight (Elf:1)
  A deep elf pyromancer (Elf:1)
  A deep elf zephyrmancer (Elf:1)
  An ugly thing (Depths:4)
  2 manticores
  A polar bear (IceCv)
  A saltling (Desolation)
  A stone giant simulacrum (Crypt:2)
  A centaur simulacrum (Crypt:2)
  An ettin skeleton (Crypt:2)
  A harpy simulacrum (Crypt:2)
  An orc (Orc:2)
  2 goblins (D:3)
  4 tentacles (Shoals:3)
25 creatures vanquished.

Grand Total: 2310 creatures vanquished

Notes
Turn   | Place    | Note
-------+----------+-------------------------------------------
     0 | D:1      | Twinkles the Merfolk Gladiator began the quest for the Orb.
     0 | D:1      | Reached XP level 1. HP: 16/16 MP: 1/1
   212 | D:1      | Reached XP level 2. HP: 21/23 MP: 2/2
   275 | D:1      | HP: 6/23 [dart slug/slug dart (5)]
   730 | D:1      | Reached XP level 3. HP: 28/28 MP: 3/3
  1367 | D:2      | Identified the +1 robe of Eternal Vigilance {rPois rCorr}
  1490 | D:2      | Reached skill level 3 in Fighting
  1490 | D:2      | Reached XP level 4. HP: 29/35 MP: 4/4
  2200 | D:3      | Noticed Natasha
  2213 | D:3      | Killed Natasha
  2309 | D:3      | Noticed Robin
  2323 | D:3      | Reached skill level 5 in Dodging
  2358 | D:3      | HP: 12/35 [Robin/bolt of dispelling energy (14)]
  2360 | D:3      | Killed Robin
  2361 | D:3      | Reached skill level 5 in Polearms
  2361 | D:3      | Reached XP level 5. HP: 15/41 MP: 5/5
  2738 | D:3      | Noticed Natasha
  2748 | D:3      | Killed Natasha
  3027 | D:3      | Noticed Natasha
  3386 | D:4      | Found the +8 demon trident "Rift" {distort, reach+}
  3681 | D:3      | HP: 10/42 [gnoll/+0 whip[a gnoll bouda] (7)]
  3682 | D:3      | Reached XP level 6. HP: 12/48 MP: 6/6
  4067 | D:4      | Reached skill level 4 in Fighting
  4244 | D:4      | Found a shimmering altar of Xom.
  4308 | D:4      | Found a faded altar of an unknown god.
  4437 | D:4      | Found a staircase to the Ecumenical Temple.
  4457 | Temple   | Entered the Ecumenical Temple
  4508 | Temple   | Became a worshipper of Cheibriados the Contemplative
  4577 | D:5      | Entered Level 5 of the Dungeon
  4595 | D:5      | Reached skill level 1 in Stealth
  4595 | D:5      | Reached XP level 7. HP: 53/55 MP: 7/7
  4628 | D:5      | Found a radiant altar of Vehumet.
  4787 | D:5      | Reached skill level 5 in Fighting
  4828 | D:5      | Found a white marble altar of Elyvilon.
  4828 | D:5      | Found a hide-covered altar of Uskayaw.
  4829 | D:5      | Found a sacrificial altar of Ru.
  5103 | D:5      | Reached * piety under Cheibriados
  5158 | D:5      | Reached XP level 8. HP: 63/63 MP: 8/8
  5160 | D:5      | Reached skill level 1 in Shields
  5369 | D:6      | Found a glowing silver altar of Zin.
  5474 | D:6      | Banished an unseen horror
  5475 | D:6      | Reached skill level 6 in Fighting
  5596 | D:6      | Noticed Pikel
  5615 | D:6      | Killed Pikel
  5616 | D:6      | Reached skill level 7 in Fighting
  5616 | D:6      | Reached XP level 9. HP: 73/73 MP: 9/9
  5670 | D:6      | Found a stormy altar of Qazlal.
  5670 | D:6      | Found a burning altar of Makhleb.
  5679 | D:6      | Found a faded altar of an unknown god.
  5681 | D:6      | Found a hazy altar of Hepliaklqana.
  5683 | D:6      | Found a faded altar of an unknown god.
  6038 | D:7      | Reached ** piety under Cheibriados
  6039 | D:7      | Reached skill level 8 in Fighting
  6039 | D:7      | Reached skill level 10 in Polearms
  6092 | D:7      | Noticed a gargoyle
  6095 | D:7      | Killed a gargoyle
  6218 | D:7      | Reached skill level 9 in Fighting
  6560 | D:7      | Reached *** piety under Cheibriados
  6569 | D:7      | Reached XP level 10. HP: 83/83 MP: 10/10
  7114 | D:8      | Found Panac's Weapon Emporium.
  7168 | D:8      | Reached skill level 10 in Fighting
  8000 | D:9      | Noticed a two-headed ogre
  8007 | D:9      | Killed a two-headed ogre
  8231 | D:9      | Found a transporter.
  8232 | D:9      | Found a transporter.
  8232 | D:9      | Noticed a boulder beetle
  8428 | D:9      | Reached skill level 11 in Fighting
  8438 | D:9      | Reached **** piety under Cheibriados
  8482 | D:9      | Found a blossoming altar of Fedhas.
  9348 | D:10     | Entered Level 10 of the Dungeon
  9598 | D:9      | Reached skill level 1 in Armour
  9779 | D:10     | Found the +5 robe of Misfortune {Harm *Corrode *Slow EV+5}
  9886 | D:10     | Reached XP level 11. HP: 93/93 MP: 11/11
  9988 | D:10     | Found a staircase to the Orcish Mines.
 10002 | D:10     | Reached ***** piety under Cheibriados
 10260 | D:10     | Found a sparkling altar of Nemelex Xobeh.
 10552 | D:11     | Noticed a two-headed ogre
 10559 | D:11     | Killed a two-headed ogre
 10560 | D:11     | Reached skill level 12 in Fighting
 10831 | D:11     | Noticed a two-headed ogre
 10836 | D:11     | Killed a two-headed ogre
 10888 | D:11     | Found a staircase to the Lair.
 11174 | D:11     | Noticed a manticore
 11178 | D:11     | Killed a manticore
 11305 | D:12     | Noticed a manticore
 11307 | D:12     | Killed a manticore
 11308 | D:12     | Reached skill level 1 in Invocations
 11481 | D:12     | Reached XP level 12. HP: 103/103 MP: 13/13
 11615 | D:12     | Reached skill level 10 in Dodging
 11623 | D:12     | Noticed a two-headed ogre
 11629 | D:12     | Killed a two-headed ogre
 11630 | D:12     | Reached skill level 13 in Fighting
 11918 | D:12     | Noticed Frances
 11935 | D:12     | Killed Frances
 12128 | Lair:1   | Entered Level 1 of the Lair of Beasts
 12140 | Lair:1   | Reached skill level 5 in Armour
 12345 | Lair:1   | Reached skill level 5 in Invocations
 12380 | Lair:1   | Reached ****** piety under Cheibriados
 12680 | Lair:1   | Reached skill level 14 in Fighting
 12741 | Lair:1   | Identified the +2 scale mail of the Kettle-Drum {+Inv rElec
                  | rF+ Int+4}
 13081 | Lair:2   | Noticed Gastronok
 13092 | Lair:2   | Banished Gastronok
 13093 | Lair:2   | Reached XP level 13. HP: 107/113 MP: 16/18
 13156 | Lair:2   | Found a hole to the Spider Nest.
 14559 | Lair:3   | Reached skill level 15 in Fighting
 14889 | Lair:3   | Found a staircase to the Shoals.
 15373 | Lair:4   | Found a staircase to the Slime Pits.
 16045 | Lair:5   | Entered Level 5 of the Lair of Beasts
 16069 | Lair:4   | Reached XP level 14. HP: 103/123 MP: 21/21
 16267 | Lair:4   | Reached skill level 10 in Invocations
 16502 | Lair:5   | Reached skill level 16 in Fighting
 16866 | Lair:5   | Noticed a dire elephant
 16878 | Lair:5   | Killed a dire elephant
 16928 | Lair:5   | Found a burning altar of Makhleb.
 17098 | Lair:5   | Found a gateway to Hell.
 17105 | Lair:5   | Identified the +1 spear "Hellblazer" {flame, rN+}
 17226 | Lair:5   | Identified the +5 quarterstaff "Undertaker" {protect,
                  | Fragile rC+ Will+ Int+2}
 18296 | D:13     | Reached XP level 15. HP: 125/133 MP: 23/23
 18399 | D:13     | Found a gate to the Vaults.
 18627 | D:14     | Identified a scroll of acquirement
 18762 | D:14     | Found a hazy altar of Hepliaklqana.
 18782 | D:14     | Reached skill level 17 in Fighting
 18800 | D:14     | Reached skill level 5 in Shields
 19352 | D:15     | Entered Level 15 of the Dungeon
 19743 | D:15     | Found a staircase to the Depths.
 20445 | Orc:1    | Entered Level 1 of the Orcish Mines
 20557 | Orc:1    | Reached skill level 10 in Armour
 20720 | Orc:1    | Noticed Harold
 20727 | Orc:1    | Killed Harold
 20741 | Orc:1    | Noticed Fannar
 20757 | Orc:1    | Killed Fannar
 21070 | Orc:2    | Entered Level 2 of the Orcish Mines
 21132 | Orc:2    | Found a staircase to the Elven Halls.
 21401 | Orc:2    | Found Umnu's Antique Armour Shoppe.
 21401 | Orc:2    | Found Qicweuq's Armour Shop.
 21740 | Orc:2    | Found Vutuh's Armour Shoppe.
 21740 | Orc:2    | Found Sicho's Jewellery Shop.
 22027 | Orc:2    | Bought the +0 helmet of Living Creativity {rCorr Dex+4
                  | SInv} for 386 gold pieces
 22027 | Orc:2    | Bought a +2 cloak for 214 gold pieces
 22083 | Orc:1    | Noticed Erica
 22099 | Orc:1    | Killed Erica
 22336 | Orc:2    | Reached XP level 16. HP: 143/143 MP: 25/25
 22636 | Spider:1 | Entered Level 1 of the Spider Nest
 22983 | Spider:1 | Identified the +5 scale mail "Uxeg" {Dex+4}
 23071 | Spider:1 | Reached skill level 1 in Transmutations
 23380 | Spider:1 | Reached skill level 1 in Earth Magic
 23507 | Spider:1 | Identified the +8 short sword "Miruewaq" {holy, Str+4
                  | Dex+2}
 23598 | Spider:1 | Reached skill level 18 in Fighting
 23926 | Spider:1 | Identified the +8 arbalest "Foliy" {heavy, Str+2}
 24129 | Spider:2 | You fall into a shaft and drop 1 floor!
 24177 | Spider:3 | Noticed Mara
 24182 | Spider:3 | Noticed Twinkles's illusion
 24191 | Spider:3 | Noticed Twinkles's illusion
 24195 | Spider:3 | Killed Mara
 24321 | Spider:3 | Found a frozen archway.
 24371 | IceCv    | Entered an ice cave
 24603 | IceCv    | Reached skill level 5 in Transmutations
 24751 | IceCv    | Learned a level 2 spell: Passwall
 25024 | IceCv    | Identified the +7 ice dragon scales of Fallacy {rF- rC++
                  | Str+2}
 25025 | IceCv    | Identified the ring "Putegue" {rPois rC+ rCorr Int-2}
 25426 | IceCv    | Reached XP level 17. HP: 151/151 MP: 26/26
 25853 | Spider:3 | Identified the +8 falchion of Exquisite Torment {flame,
                  | *Corrode rElec rPois Dex+4}
 27692 | Spider:3 | Reached skill level 5 in Earth Magic
 28362 | Spider:4 | Entered Level 4 of the Spider Nest
 28425 | Spider:4 | Reached skill level 19 in Fighting
 28615 | Spider:4 | Reached skill level 10 in Shields
 28725 | Spider:4 | Paralysed by a jorogumo for 1 turns
 28731 | Spider:4 | HP: 41/153 [jorogumo (18)]
 30080 | Spider:4 | Identified the +0 hat of Omazexob {rPois rF+}
 30097 | Spider:4 | Reached skill level 10 in Transmutations
 30119 | Spider:4 | Got a gossamer rune of Zot
 30766 | Shoals:1 | Entered Level 1 of the Shoals
 30921 | Shoals:1 | Reached XP level 18. HP: 160/160 MP: 27/27
 31260 | Shoals:1 | Found Caunt's Weapon Boutique.
 31404 | Shoals:1 | Noticed Roxanne
 31839 | Shoals:2 | Noticed Ilsuiw
 31849 | Shoals:2 | Killed Ilsuiw
 33131 | Shoals:3 | Reached skill level 20 in Fighting
 34243 | Shoals:4 | Entered Level 4 of the Shoals
 34801 | Shoals:4 | Identified the +8 spear "Ugymocov" {drain, rF++ rC- rN++}
 34881 | Shoals:4 | Reached XP level 19. HP: 170/170 MP: 28/28
 35028 | Shoals:4 | Identified the ring of Woacag {rC+ Int+6 Slay+3}
 35849 | Shoals:4 | HP: 59/170 [merfolk impaler/+2 trident of venom (12)]
 36208 | Shoals:4 | Got a barnacled rune of Zot
 36623 | Elf:1    | Entered Level 1 of the Elven Halls
 36649 | Elf:1    | Found a radiant altar of Vehumet.
 36991 | Elf:1    | Noticed a Tzitzimitl
 36998 | Elf:1    | Gained mutation: Armour fits poorly on your strangely
                  | shaped body. [a cacodemon]
 37001 | Elf:1    | Gained mutation: You occasionally shout uncontrollably at
                  | your foes. [a cacodemon]
 37470 | Elf:1    | Identified the +0 leather armour of the Untouchables {Harm
                  | Int+3 Dex+2}
 37526 | Elf:1    | Found Birueq's Magic Scroll Emporium.
 37534 | Elf:1    | Bought a scroll of teleportation for 36 gold pieces
 37730 | Elf:1    | Reached skill level 21 in Fighting
 37927 | Orc:2    | Upgraded the game from 0.30.0-17-ge0270778cf to
                  | 0.30.0-18-gc0e69614cb
 37927 | Orc:2    | Bought the -1 pair of gloves of the Eternal Fruit {rElec
                  | Slay+6} for 619 gold pieces
 38212 | Elf:2    | Found Xicah's General Store.
 38256 | Elf:2    | Noticed Jorgrun
 38257 | Elf:2    | Banished Jorgrun
 38318 | Elf:2    | Found Leumpuom's Assorted Antiques.
 38366 | Elf:2    | Found a runed translucent gate.
 38366 | Elf:2    | Found a runed translucent gate.
 38366 | Elf:2    | Found a runed translucent gate.
 38399 | Elf:2    | Found Ishriraju's Book Shop.
 38404 | Elf:2    | Found Ugodiq's Antique Armour Shop.
 38503 | Elf:2    | Learned a level 6 spell: Statue Form
 38520 | Elf:2    | Found Tuusasi's Antique Armour Emporium.
 38772 | Elf:2    | Reached XP level 20. HP: 136/180 MP: 29/29
 39439 | Elf:3    | Entered Level 3 of the Elven Halls
 39455 | Elf:3    | Reached skill level 15 in Transmutations
 39597 | Elf:2    | Found an ancient bone altar of Kikubaaqudgha.
 39615 | Elf:3    | Found a radiant altar of Vehumet.
 39670 | Elf:3    | Found a runed translucent door.
 39670 | Elf:3    | Found a shimmering altar of Xom.
 39670 | Elf:3    | Noticed Xihoome's ghost (veteran MiGl)
 39718 | Elf:3    | Reached skill level 10 in Earth Magic
 39793 | Elf:3    | Paralysed by an air elemental for 1 turns
 40093 | Elf:3    | Identified the +5 ring mail "Jiduh" {rC++ Str-5 Stlth+}
 40324 | Elf:3    | Identified the amulet "Wujoup" {Acrobat rPois Will+ Dex-2}
 40556 | Elf:3    | Identified the amulet "Paraym" {Faith SInv}
 40563 | Elf:3    | HP: 50/159 [deep elf high priest/divine providence (7)]
 41673 | Elf:3    | Identified the +3 trident "Efily" {flame, Dex+2}
 41673 | Elf:3    | Identified the +4 halberd of Egomania {freeze, rF- Dex+3}
 41691 | Elf:3    | Noticed a Tzitzimitl
 41973 | Elf:3    | Identified the amulet "Weac" {Reflect Str+3 SH+5}
 41987 | Elf:3    | Identified the staff of earth "Muan" {Str+3 Dex+3}
 41994 | Elf:3    | Got the Grimoire of Invitation
 41997 | Elf:3    | Identified the staff of death "Osudoo" {rElec rC- rN+ Will+
                  | Int+2}
 42517 | D:14     | Acquired 782 gold pieces
 42745 | Elf:2    | Bought a potion of heal wounds for 80 gold pieces
 42745 | Elf:2    | Bought the +12 storm dragon scales "Put-Me-On" {rElec rPois
                  | Regen+ Dex+3} for 2182 gold pieces
 42946 | Vaults:1 | Entered Level 1 of the Vaults
 43897 | Vaults:1 | Reached XP level 21. HP: 188/188 MP: 30/30
 43898 | Vaults:1 | Reached skill level 22 in Fighting
 43903 | Vaults:1 | Identified the +3 chain mail of Athrifemi {rC++ Will++
                  | Stlth-}
 44590 | Vaults:2 | Reached skill level 15 in Shields
 44631 | Vaults:2 | Noticed Frederick
 44660 | Vaults:2 | Killed Frederick
 44856 | Vaults:2 | Found a staircase to the Crypt.
 44856 | Vaults:2 | Found an ancient bone altar of Kikubaaqudgha.
 44856 | Vaults:2 | Found a basalt altar of Yredelemnul.
 46683 | Vaults:3 | Reached XP level 22. HP: 198/198 MP: 31/31
 46806 | Vaults:3 | Got the Spellbook of Freezing
 46997 | Vaults:4 | Noticed Bai Suzhen
 47010 | Vaults:4 | Killed Bai Suzhen
 47202 | Vaults:4 | Found a crumbling gateway.
 47242 | Desolati | Entered the Desolation of Salt
 47778 | Desolati | Reached skill level 23 in Fighting
 47914 | Desolati | Got the Grimoire of Obstruction
 47930 | Desolati | Got the Guidebook on Frore Stones
 48115 | Desolati | Identified the +8 flail of the Unspeakable One {heavy,
                  | *Slow Will+ Str+3 Dex+3}
 48207 | Desolati | Identified the amulet "Jokhocs" {Faith Regen+}
 48217 | Desolati | Got the Enchiridion on Topological Ensorcelling
 48227 | Desolati | Identified the +1 plate armour "Witiesm" {rPois Will+
                  | Dex-4}
 48236 | Desolati | Identified the ring of Harionak {Ice Str-3 Int+2 SInv}
 48421 | Vaults:4 | Noticed Agnes
 48421 | Vaults:4 | Noticed Asterion
 48426 | Vaults:4 | Killed Agnes
 48437 | Vaults:4 | Killed Asterion
 49067 | Vaults:4 | Reached skill level 15 in Dodging
 49662 | Depths:1 | Entered Level 1 of the Depths
 49761 | Depths:1 | Found a one-way gate to the infinite horrors of the Abyss.
 49761 | Depths:1 | Noticed Saint Roka
 49771 | Depths:1 | Banished Saint Roka
 50023 | Depths:1 | Found a one-way gate leading to the halls of Pandemonium.
 50179 | Depths:1 | Reached XP level 23. HP: 204/207 MP: 32/32
 50290 | Depths:1 | Found a shimmering blue altar of Sif Muna.
 50634 | Depths:1 | Found Rinefaut's Superior Scales.
 50634 | Depths:1 | Noticed a golden dragon
 50638 | Depths:1 | Killed a golden dragon
 50819 | Depths:2 | Noticed a golden dragon
 50832 | Depths:2 | Killed a golden dragon
 50893 | Depths:2 | Found a runed translucent door.
 50903 | Depths:2 | Identified the +0 arbalest "Ritom" {antimagic, *Corrode
                  | rF++ Will++}
 50917 | Depths:2 | Identified the staff of cold "Biczint" {rF+ rC+ Str+5}
 51267 | Depths:2 | Found a sparkling altar of Nemelex Xobeh.
 51303 | Depths:2 | Reached skill level 24 in Fighting
 51574 | Depths:2 | Found Annup's Magic Scroll Emporium.
 51588 | Depths:2 | Bought a scroll of fog for 48 gold pieces
 51713 | Depths:3 | Noticed Louise
 51725 | Depths:3 | Killed Louise
 51838 | Depths:3 | Learned a level 5 spell: Lee's Rapid Deconstruction
 51912 | Depths:3 | Identified the amulet "Lint" {-Cast rElec Will+++ Regen+
                  | Int-2}
 52081 | Depths:3 | Paralysed by a sphinx for 2 turns
 52108 | Depths:3 | Noticed a golden dragon
 52127 | Depths:3 | Killed a golden dragon
 52692 | Depths:3 | Found Lasiuv's Antique Weapon Emporium.
 52882 | Depths:4 | Entered Level 4 of the Depths
 52932 | Depths:4 | Reached XP level 24. HP: 218/218 MP: 32/32
 53195 | Depths:4 | Found a one-way gateway to a ziggurat.
 53305 | Depths:4 | Found a gate to the Realm of Zot.
 54277 | Vaults:5 | Entered Level 5 of the Vaults
 54616 | Vaults:4 | Reached skill level 25 in Fighting
 54638 | Vaults:5 | HP: 58/220 [???[a deep elf demonologist] (55)]
 54774 | Vaults:5 | Noticed an ancient lich
 54848 | Vaults:5 | Identified the +1 morningstar of Action {drain, Str+3}
 55064 | Vaults:5 | Reached XP level 25. HP: 202/228 MP: 32/32
 55414 | Vaults:5 | Killed an ancient lich
 55570 | Vaults:5 | Noticed a dread lich
 55578 | Vaults:5 | Reached skill level 15 in Armour
 55581 | Vaults:5 | Killed a dread lich
 55721 | Vaults:5 | Found Ceckiul's Magic Scroll Emporium.
 55795 | Vaults:5 | Found Wasmulaq's Jewellery Shoppe.
 55992 | Vaults:5 | Found Zufrosea's Jewellery Shoppe.
 56099 | Vaults:5 | Got a silver rune of Zot
 56404 | Vaults:5 | Bought a scroll of acquirement for 520 gold pieces
 56453 | Vaults:5 | Acquired the +0 pair of gloves "Movvac" {rF+ rCorr Stlth+}
 56805 | Zot:1    | Entered Level 1 of the Realm of Zot
 56980 | Zot:1    | Reached skill level 5 in Throwing
 57048 | Zot:1    | Lost mutation: Armour fits poorly on your strangely shaped
                  | body. [potion of mutation]
 57048 | Zot:1    | Lost mutation: You occasionally shout uncontrollably at
                  | your foes. [potion of mutation]
 57048 | Zot:1    | Gained mutation: Your flesh is cold resistant. (rC+)
                  | [potion of mutation]
 57048 | Zot:1    | Gained mutation: You passively dampen the noise of your
                  | surroundings. [potion of mutation]
 57482 | Zot:1    | Reached skill level 26 in Fighting
 58050 | Zot:2    | Reached XP level 26. HP: 238/238 MP: 32/32
 58150 | Zot:2    | Found a transporter.
 58423 | Zot:2    | Found a transporter.
 58512 | Zot:2    | Found a transporter.
 58515 | Zot:2    | Noticed Sofait's ghost (legendary GnFE)
 58515 | Zot:2    | Noticed a shard shrike
 58715 | Zot:2    | Found a transporter.
 58736 | Zot:2    | Noticed Grunn
 58751 | Zot:2    | Killed Grunn
 58756 | Zot:2    | HP: 72/231 [???[a doom hound] (69)]
 58762 | Zot:2    | HP: 57/231 [???[a doom hound] (54)]
 58910 | Zot:2    | HP: 62/231 [???[a doom hound] (59)]
 59357 | Zot:3    | Noticed an orb of fire
 59358 | Zot:3    | Gained mutation: Your magical capacity is low. (-10% MP)
                  | [an orb of fire]
 59359 | Zot:3    | Gained mutation: Your flesh is very cold resistant. (rC++)
                  | [an orb of fire]
 59370 | Zot:3    | HP: 60/239 [orb of fire/fireball (34)]
 59802 | Slime:1  | Entered Level 1 of the Pits of Slime
 60033 | Slime:5  | Entered Level 5 of the Pits of Slime
 60124 | Slime:5  | Reached skill level 10 in Throwing
 61212 | Slime:5  | Found a viscous altar of Jiyva.
 61322 | Slime:5  | Noticed the Royal Jelly
 61560 | Slime:5  | Killed the Royal Jelly
 61712 | Slime:5  | Got the Grimoire of the Crevasse
 61751 | Slime:5  | Identified the staff of cold "Siugir" {rPois rC+ Dex-4 SInv
                  | Stlth+}
 61752 | Slime:5  | Identified the ring "Keplupat" {AC+4 Int+3 Dex+3}
 61787 | Slime:5  | Got a slimy rune of Zot
 62488 | Zot:3    | Found a shimmering blue altar of Sif Muna.
 62620 | Zot:3    | Gained mutation: Your spells are a little harder to cast,
                  | but a little more powerful. [an orb of fire]
 62621 | Zot:3    | Gained mutation: You are frail. (-10% HP) [an orb of fire]
 62622 | Zot:3    | Gained mutation: Armour fits poorly on your strangely
                  | shaped body. [an orb of fire]
 62625 | Zot:3    | Killed an orb of fire
 62886 | Zot:3    | Identified the staff of conjuration "Anaafeoh" {MP+9 Str+4}
 62982 | Zot:3    | Identified the +6 quick blade "Wofonac" {freeze, Int+4}
 63038 | Zot:3    | Reached XP level 27. HP: 221/221 MP: 29/29
 63072 | Zot:3    | Identified the ring of Niun {Fire Drain Int+5}
 63087 | Zot:3    | Identified the staff of cold "Jitwuj" {rC+ Str+5}
 63208 | Zot:3    | Reached skill level 15 in Throwing
 63871 | Zot:4    | Noticed an ancient lich
 63885 | Zot:4    | Killed an ancient lich
 64287 | Zot:5    | Entered Level 5 of the Realm of Zot
 65180 | Zot:5    | Learned a level 2 spell: Blink
 65566 | Crypt:1  | Entered Level 1 of the Crypt
 65766 | Crypt:1  | Reached skill level 1 in Translocations
 65842 | Crypt:1  | Identified the +7 flail of the Volcano {venom, rPois rF+
                  | Int+4}
 66449 | Crypt:2  | Noticed Jory
 66465 | Crypt:2  | Killed Jory
 66466 | Crypt:2  | Reached skill level 5 in Translocations
 66515 | Crypt:2  | Identified the ring of Xeyhecku {Ice rN+++ Dex-5 Slay+2
                  | SInv}
 66515 | Crypt:2  | Noticed Josephina
 66839 | Crypt:2  | Killed Josephina
 66930 | Crypt:3  | Entered Level 3 of the Crypt
 67319 | Crypt:3  | Identified the +12 glaive "Hikheil" {holy, Contam *Slow rF+
                  | Int+5}
 67357 | Crypt:3  | Found a staircase to the Tomb.
 67435 | Crypt:3  | Noticed an ancient lich
 67450 | Crypt:3  | Killed an ancient lich
 67628 | Crypt:3  | Found an ancient bone altar of Kikubaaqudgha.
 67791 | Crypt:3  | Reached skill level 10 in Translocations
 68192 | Crypt:3  | Identified the amulet of Ygoqauk {Acrobat rN+ rCorr Str+3}
 68198 | Crypt:3  | Identified the quicksilver dragon scales of the Desolation
                  | of Salt {rElec Will+ Int+5 Dex+4}
 68202 | Crypt:3  | Got the Elucidation of Necromancy
 68911 | Zot:5    | Noticed an orb of fire
 68911 | Zot:5    | Noticed an orb of fire
 68919 | Zot:5    | Killed an orb of fire
 68920 | Zot:5    | Reached skill level 1 in Spellcasting
 69043 | Zot:5    | Learned a level 2 spell: Lesser Beckoning
 69112 | Zot:5    | Reached skill level 5 in Stealth
 69416 | Zot:5    | Gained mutation: Your magical capacity is very low. (-20%
                  | MP) [mutagenic glow]
 69418 | Zot:5    | Reached skill level 5 in Spellcasting
 69433 | Zot:5    | Gained mutation: You are very frail. (-20% HP) [an orb of
                  | fire]
 69435 | Zot:5    | Killed an orb of fire
 69437 | Zot:5    | Gained mutation: Your magical capacity is extremely low.
                  | (-30% MP) [mutagenic glow]
 69535 | Zot:5    | Lost mutation: You passively dampen the noise of your
                  | surroundings. [potion of mutation]
 69535 | Zot:5    | Lost mutation: You are very frail. (-20% HP) [potion of
                  | mutation]
 69535 | Zot:5    | Lost mutation: You are frail. (-10% HP) [potion of
                  | mutation]
 69536 | Zot:5    | Lost mutation: Armour fits poorly on your strangely shaped
                  | body. [potion of mutation]
 69536 | Zot:5    | Lost mutation: Your flesh is very cold resistant. (rC++)
                  | [potion of mutation]
 69536 | Zot:5    | Gained mutation: Your system is resistant to poisons.
                  | (rPois) [potion of mutation]
 69536 | Zot:5    | Gained mutation: You have hidden genetic potential. [potion
                  | of mutation]
 69536 | Zot:5    | Gained mutation: Your mind is acute. (Int +4, Str/Dex -1)
                  | [potion of mutation]
 69574 | Zot:5    | Noticed an orb of fire
 69575 | Zot:5    | Noticed an orb of fire
 69579 | Zot:5    | Killed an orb of fire
 69579 | Zot:5    | Gained mutation: You are clumsy. (Dex -2) [an orb of fire]
 69582 | Zot:5    | Killed an orb of fire
 69631 | Zot:5    | Noticed an orb of fire
 69681 | Zot:5    | Killed an orb of fire
 69712 | Zot:5    | Noticed an orb of fire
 69738 | Zot:5    | Gained mutation: You occasionally lose the ability to drink
                  | potions when taking damage. [an orb of fire]
 69749 | Zot:5    | Killed an orb of fire
 69781 | Zot:5    | Lost mutation: You occasionally lose the ability to drink
                  | potions when taking damage. [potion of mutation]
 69781 | Zot:5    | Lost mutation: Your spells are a little harder to cast, but
                  | a little more powerful. [potion of mutation]
 69781 | Zot:5    | Lost mutation: You are clumsy. (Dex -2) [potion of
                  | mutation]
 69781 | Zot:5    | Gained mutation: You are clumsy. (Dex -2) [potion of
                  | mutation]
 69781 | Zot:5    | Gained mutation: You possess an exceptional clarity of
                  | mind. [potion of mutation]
 69851 | Zot:5    | Noticed an ancient lich
 69859 | Zot:5    | Killed an ancient lich
 69861 | Zot:5    | Noticed a dread lich
 69874 | Zot:5    | Killed a dread lich
 70412 | Zot:5    | Got the Orb of Zot
 70415 | Zot:5    | Noticed Fusk the pandemonium lord
 70443 | Zot:4    | Noticed Jiapnaan the pandemonium lord
 70475 | Zot:4    | Killed Jiapnaan the pandemonium lord
 70482 | Zot:4    | Noticed Wacahoon the pandemonium lord
 70786 | D:15     | Noticed Uweu the pandemonium lord
 71096 | D:$      | Escaped with the Orb!

Illustrated notes

Levels and vault maps discovered:
D:1:      minmay_arrival_glassed_features, layout_loops_corners
D:2:      layout_loops_ring, supply_closet_lemuel
D:3:      minmay_wonky_spiral, layout_loops_corners, minmay_misc_feat_plants,
          minmay_diced_spiral, uniq_robin, uniq_natasha
D:4:      layout_rooms, mainiacjoe_overflow_alcove_2,
          nicolae_temple_entry_ecumenical
D:5:      layout_loops_cross, gammafunk_temple_overflow_claw,
          nicolae_vehumet_radiance
D:6:      layout_basic, chequers_temple_overflow_minitemple,
          mainiacjoe_overflow_concentric_impassable, uniq_pikel
D:7:      minmay_razor_zed, layout_basic
D:8:      layout_loops_corners, serial_shops, shop
D:9:      gammafunk_boulding_lane, layout_layer_cave,
          mainiacjoe_overflow_six_doors_small, hangedman_decor_opposing
D:10:     layout_roguey, nicolae_overflow_hidden_temple, zombieorc2_lemuel
D:11:     layout_long_grid, due_lair_maze_entry_diamond
D:12:     layout_irregular_city, serial_glass, glass_columns_a, glass_columns_c,
          eino_jars, uniq_frances
D:13:     layout_cave_pools, lightli_vaults_fourway_checkpoint,
          dreamdust_princess_corridor, solitary_fountain
D:14:     layout_roguey, nicolae_hepliaklqana_hazy_memory
D:15:     gammafunk_enter_depths_forms, layout_long_grid, nicolae_eternal_life
Temple:   hellmonk_temple_of_storms
Lair:1:   layout_regular_city, lemuel_old_faithful, wad_woods_river_01
Lair:2:   minmay_lair_oklob_tunnel, layout_layer_cave,
          nicolae_spider_entry_orb_guardian, grunt_forest_small_clearings,
          infiniplex_staircase_pool_2, uniq_gastronok
Lair:3:   layout_regular_city, elwin_shoals_entry_rooms, serial_bayou_shore_a,
          serial_bayou_shore_b, grunt_megastairs_1
Lair:4:   layout_loops_ring, nicolae_slime_entry_slimehenge
Lair:5:   evil_forest, layout_cave_shapes
Shoals:1: layout_shoals, serial_shops, nicolae_shop_behind_doors, uniq_roxanne
Shoals:2: layout_shoals, uniq_ilsuiw
Shoals:3: layout_shoals
Shoals:4: shoals_end_grunt_ice, layout_shoals
Spider:1: layout_spider_delve, nicolae_spider_scorpion_nest
Spider:2: layout_chambers
Spider:3: layout_spider_delve, portal_ice_cave_entry_ice_simulacra,
          nicolae_spider_baby_got_redback, uniq_mara
Spider:4: spider_rune_water, nicolae_spider_world_wide_web
Slime:1:  layout_caves, cheibrodos_slime_lost_civilization_7
Slime:2:  layout_caves
Slime:3:  layout_caves
Slime:4:  layout_caves
Slime:5
Orc:1:    layout_diamond_mine, uniq_erica, uniq_fannar, uniq_harold
Orc:2:    st_orc_town, layout_caves
Elf:1:    eino_elf_arrival_altar, layout_loops_ring, serial_shops,
          nicolae_shop_real_fake_doors, hangedman_elf_represent,
          nicolae_elf_glass_and_crystal_pillar_1, uniq_asterion
Elf:2:    elven_hall_of_blades_hangedman_original
          [nicolae_blade_entry_hurt_lockers], layout_loops_cross, serial_shops,
          shop, nicolae_shop_overgrown_old_shop, nicolae_shop_tiny_glass, shop,
          shop, lemuel_upstairs_altar, uniq_jorgrun
Elf:3:    minmay_elf_hall_curves, layout_loops_ring, ebering_ghost_xom,
          basic_altar, uniq_louise
Vaults:1: nicolae_vaults_closet_pinwheel_3, vaults_room_door_hall,
          nicolae_vaults_little_squares_6, nicolae_vaults_two_Ls, v_misc_4,
          vaults_room_corners, nicolae_vaults_what_the_h,
          hangedman_vaults_hard_town_square, v_misc_24,
          nicolae_vaults_heart-shaped_vault, nicolae_vaults_trapezoid_1,
          nicolae_vaults_two_Ls, nicolae_vaults_ring_of_whatevers,
          nicolae_vaults_double_plus_2, layout_vaults_omnibox
Vaults:2: nicolae_vaults_double_plus_1, minmay_crypt_entry_necro_gods,
          nicolae_vaults_trapezoid_lopsided_2, v_misc_16,
          nicolae_vaults_apartment_2, nicolae_vaults_network_barrier,
          nicolae_vaults_tetromino_Z_1, nicolae_vaults_shipping_containers_4,
          nicolae_vaults_closet_pinwheel_2, nicolae_vaults_tetromino_Z_1,
          nicolae_vaults_storage_closets_1, vaults_room_semicircle,
          layout_vaults_omnicross, uniq_frederick
Vaults:3: hangedman_vaults_slither, ontoclasm_vaults_ring_small,
          nicolae_vaults_weapon_check, grunt_vaults_swirl, v_misc_32,
          nicolae_vaults_ring_of_whatevers, nicolae_vaults_gold_heap,
          grunt_vaults_funnel, nicolae_vaults_alarming,
          grunt_vaults_hallway_short, layout_vaults_omnigrid
Vaults:4: portal_desolation_entry_nicolae_slug,
          nicolae_vaults_trapezoid_lopsided_1, nicolae_vaults_ninety_degrees,
          vaults_mumra_hexcomb, nicolae_vaults_shrinking_rooms_1,
          nicolae_vaults_bisected_exclaves, nicolae_vaults_storage_closets_3,
          vaults_room_pool, nicolae_vaults_tetromino_L_2, v_misc_22,
          sword_in_stone, layout_vaults_chaotic_city, uniq_bai_suzhen
Vaults:5: serial_shops
Crypt:1:  layout_misc_corridors, moated_statue, grunt_crypt_arrival_webbed
Crypt:2:  layout_misc_corridors, uniq_jory, uniq_josephina
Crypt:3:  church_of_pain_bobbens, layout_chaotic_city,
          tomb_entry_simple_bobbens, grunt_megastairs_2
Depths:1: layout_honeycomb, rand_demon_pan_entry_3,
          nicolae_sif_muna_condensation, abyss_entry, hangedman_coc_ice_floe,
          hellmonk_scale_shop, uniq_saint_roka
Depths:2: minmay_the_grid_four_pointed_star
          [minmay_the_grid_triangle_9x9_subtriangle,
          minmay_the_grid_triangle_9x9_odd_lines,
          minmay_the_grid_triangle_9x9_limited_checkers,
          minmay_the_grid_triangle_9x9_sprig, minmay_the_grid_prize_trominoes],
          layout_cave_pools, hell_entry, nemelex_lonely_heart_becter,
          hangedman_abyss_entry_splay, serial_column_ruins,
          column_ruins_portal_astroid, column_ruins_hut_water,
          column_ruins_square_small, column_ruins_grid_3,
          column_ruins_columns_water, column_ruins_corridor_dead_end,
          column_ruins_columns_straight, column_ruins_grid_1,
          column_ruins_grid_1, grunt_pan_entry_sceptre, kennysheep_windowed_goal
Depths:3: minmay_dotted_concentric_squares, layout_gridlike,
          nicolae_abyss_entry_one_way_or_another,
          grunt_hell_entry_demonic_statue, serial_shops, shop,
          minmay_staircase_windowed_small, serial_bayou_shore_b
Depths:4: evilmike_zot_entry_round, layout_gridlike, enter_ziggurat_f,
          hell_entry
Zot:1:    layout_concentric_octagons
Zot:2:    gammafunk_its_a_trap, layout_basic, gammafunk_ghost_berserking_beasts,
          st_stairs_7, uniq_grunn
Zot:3:    nicolae_moth_party, layout_misc_corridors, basic_altar, st_stairs_3,
          grunt_ministairs_4, st_large_dragon_hoard_4
Zot:4:    layout_cellular_growth, lemuel_lich_library
Zot:5:    layout_cathedral_of_symmetry

Skill      XL: |  1  2  3  4  5  6  7  8  9 10 11 12 13 14 15 16 17 18 19 20 21 22 23 24 25 26 27 |
---------------+----------------------------------------------------------------------------------+-----
Fighting       | 3 4 5 7 9 11 12 14 15 16 17 18 19 20 21 22 23 24 25 26 | 26.4
Throwing       | 3 4 7 14 19 | 19.1
Dodging        | 5 6 9 10 13 15 17 19 20 | 20.0
Polearms       | 5 6 7 9 11 13 14 | 14.0
Stealth        | 1 3 9 |  9.1
Shields        | 3 4 7 9 10 12 13 14 15 17 18 19 | 19.6
Armour         | 1 4 6 7 9 10 11 12 13 14 15 16 | 16.5
Invocations    | 2 6 9 11 13 | 13.2
Transmutations | 6 10 12 14 15 | 15.9
Earth Magic    | 4 6 8 9 10 | 10.6
Translocations | 10 | 10.0
Spellcasting   | 9 |  9.2

Action                     |  1- 3 |  4- 6 |  7- 9 | 10-12 | 13-15 | 16-18 | 19-21 | 22-24 | 25-27 || total
---------------------------+-------+-------+-------+-------+-------+-------+-------+-------+-------++-------
  Melee: Trident           |   155 |   224 |       |       |       |       |       |       |       ||   379
         Punch             |     2 |       |       |       |       |       |       |       |       ||     2
         Demon trident     |       |    17 |   116 |   385 |   999 |  1231 |  1239 |  1525 |  2658 ||  8170
         Tailslap          |       |       |       |     1 |       |    36 |     7 |       |     3 ||    47
  Throw: Dart              |       |       |       |     6 |     3 |     2 |       |       |       ||    11
         Boomerang         |       |       |       |       |       |     3 |     7 |    12 |    27 ||    49
         Javelin           |       |       |       |       |       |       |     7 |     2 |    36 ||    45
   Cast: Passwall          |       |       |       |       |       |     1 |     2 |       |     1 ||     4
         Lee's Rapid Decon |       |       |       |       |       |       |       |     2 |     3 ||     5
         Blink             |       |       |       |       |       |       |       |       |    11 ||    11
 Invoke: Slouch            |       |       |       |       |     3 |    20 |     7 |    25 |    21 ||    76
         Bend Time         |       |       |       |       |       |     3 |     1 |     3 |     2 ||     9
         Step From Time    |       |       |       |       |       |       |       |       |     1 ||     1
  Evoke: Wand              |       |       |       |       |       |     8 |     6 |       |       ||    14
    Use: Scroll            |       |       |       |    12 |    10 |     6 |     2 |     2 |    18 ||    50
         Potion            |       |       |       |       |       |     1 |     3 |       |    17 ||    21
   Stab: Sleeping          |     2 |     7 |    10 |    24 |     7 |    17 |     9 |     3 |    60 ||   139
         Distracted        |       |     1 |     2 |     1 |     8 |     2 |     8 |     6 |     7 ||    35
         Held in net/web   |       |       |       |       |     2 |     3 |     1 |       |       ||     6
 Armour: Leather armour    |    20 |       |       |       |       |       |       |       |       ||    20
         Robe              |    10 |    43 |     3 |     2 |       |       |       |       |       ||    58
         Ring mail         |       |       |       |    33 |       |    25 |       |       |       ||    58
         Scale mail        |       |       |       |     3 |    70 |   111 |    23 |       |       ||   207
         Storm dragon scal |       |       |       |       |       |       |    54 |   145 |   221 ||   420
         Skin              |       |       |       |       |       |       |       |       |    12 ||    12
  Dodge: Dodged            |    69 |   144 |     8 |   108 |   274 |   590 |   329 |   502 |   870 ||  2894
  Block: Other             |       |    49 |     1 |       |       |       |       |       |       ||    50
         Reflection        |       |     1 |     2 |     4 |     9 |   106 |    87 |       |       ||   209
         Buckler           |       |       |    10 |   121 |   249 |   240 |       |       |       ||   620
         Tower shield      |       |       |       |       |       |   545 |   752 |   932 |  1494 ||  3723
